 Dungeon Crawl Stone Soup version 0.20.1-1-g8b1a95d (webtiles) character file.

7484 homeworkjunkie the Cleaver (level 11, 0/94 HPs)
             Began as a Hill Orc Fighter on Dec 4, 2017.
             Was a High Priest of Okawaru.
             Slain by an eight-headed hydra (6 damage)
             ... on level 1 of the Lair of Beasts.
             The game lasted 00:15:57 (8208 turns).

homeworkjunkie the Cleaver (Hill Orc Fighter)       Turns: 8208, Time: 00:15:57

Health: 0/94       AC: 13    Str: 26    XL:     11   Next: 16%
Magic:  15/15      EV:  2    Int:  8    God:    Okawaru [*****.]
Gold:   490        SH:  0    Dex: 16    Spells: 10/10 levels left

rFire    . . .     SeeInvis .   B - +2 scimitar (flame)
rCold    . . .     Gourm    .   h - +0 large shield
rNeg     + + +     Faith    .   w - +1 scale mail "Yfasoal" {rN++ MR+ Str+4}
rPois    ∞         Spirit   .   b - +2 helmet
rElec    .         Reflect  +   (no cloak)
rCorr    .         Harm     .   i - +0 pair of gloves
MR       +....                  (no boots)
Stlth    ..........             s - +5 amulet of reflection
Regen    0.3/turn               c - +5 ring of dexterity
MPRegen  0.2/turn               v - +6 ring of evasion

@: petrified
A: no striking features
a: Heroism, Finesse, Renounce Religion


You were on level 1 of the Lair of Beasts.
You worshipped Okawaru.
Okawaru was extremely pleased with you.
You were not hungry.

You visited 2 branches of the dungeon, and saw 12 of its levels.

You collected 490 gold pieces.

Inventory:

Hand Weapons
 a - a +1 war axe
 B - a +2 scimitar of flaming (weapon)
Armour
 b - a +2 helmet (worn)
 h - a +0 large shield (worn)
 i - a +0 pair of gloves (worn)
 m - a +3 ring mail of cold resistance
 w - the +1 scale mail "Yfasoal" (worn) {rN++ MR+ Str+4}
   (Okawaru gifted it to you on level 8 of the Dungeon)

   It affects your strength (+4).
   It greatly protects you from negative energy.
   It affects your resistance to hostile enchantments.
Jewellery
 c - a +5 ring of dexterity (left hand)
 p - an uncursed ring of fire
 s - a +5 amulet of reflection (around neck)
 t - an uncursed ring of protection from magic
 v - a +6 ring of evasion (right hand)
Wands
 j - a wand of digging (10/24)
Scrolls
 r - a scroll of teleportation
 x - a scroll of recharging {unknown}
 y - a scroll of immolation
 z - 2 scrolls of magic mapping
 C - a scroll of remove curse
Potions
 d - a potion of might
 e - 4 potions of magic
 g - a potion of mutation
 k - 2 potions of agility
 l - 3 potions of lignification
 n - a potion of brilliance
 q - a potion of flight
 u - 2 potions of haste
 D - a potion of heal wounds
 E - 2 potions of berserk rage
Comestibles
 f - 4 bread rations
 o - 3 meat rations


   Skills:
 * Level 8.1 Fighting
 * Level 12.9 Axes
 * Level 6.9 Armour
 + Level 2.7 Dodging
 + Level 0.8 Stealth
 * Level 9.8 Shields
 * Level 5.5 Evocations


You had 10 spell levels left.
You didn't know any spells.

Dungeon Overview and Level Annotations

Branches:
Dungeon (10/15)            Temple (0/1) D:6            Lair (2/6) D:8
  Swamp: Lair:2-4    Shoals: Lair:2-4     Snake: Lair:2-4    Spider: Lair:2-4
    Orc: D:9-12

Altars:
Cheibriados
Dithmenos
Hepliaklqana
Makhleb
Okawaru
Sif Muna
The Shining One


Message History

The basilisk bites you!
* * * LOW HITPOINT WARNING * * *
The eight-headed hydra bites you.
* * * LOW HITPOINT WARNING * * *
The eight-headed hydra bites you.
* * * LOW HITPOINT WARNING * * *
The eight-headed hydra barely misses you.
The eight-headed hydra bites you but does no damage.
The eight-headed hydra bites you!
* * * LOW HITPOINT WARNING * * *
The eight-headed hydra bites you!
* * * LOW HITPOINT WARNING * * *
The eight-headed hydra bites you but does no damage. x2
The basilisk bites you!
* * * LOW HITPOINT WARNING * * *
The eight-headed hydra bites you but does no damage. x2
The eight-headed hydra bites you!
* * * LOW HITPOINT WARNING * * *
The eight-headed hydra bites you!
You die...

##.... #.......
##.##....# #.......
$........# #..†....
.......... #.......
.........# ### #.......
....$....###.####.......
........................
......D.................
......l@...##.##........
...####.#..#...#........
####.#............
#..............
#.#......######
#..#......# ##.........#
#.#...+..## #.....#..#


You could see an eight-headed hydra and a basilisk.

Vanquished Creatures
  3 two-headed ogres
  Pikel (D:8)
  A spiny frog (Lair:1)
  A komodo dragon (Lair:1)
  Grinder (D:6)
  A hippogriff (D:8)
  4 yaks (D:8)
  Grum (D:8)
  A hungry ghost (D:9)
  4 orc warriors
  A water moccasin (Lair:1)
  A sky beast (D:5)
  2 ice beasts
  3 black bears
  A necrophage (D:6)
  An ogre (D:7)
  4 wolves (D:8)
  3 bullfrogs
  2 scorpions
  3 howler monkeys
  3 crimson imps
  A quasit (D:6)
  A jelly (D:6)
  5 hounds
  4 orc priests
  11 orc wizards
  A bullfrog skeleton (D:5)
  A centaur skeleton (D:6)
  Terence (D:3)
  Jessica (D:3)
  3 iguanas
  Ijyb (D:3)
  5 worker ants
  A hound zombie (D:7)
  Robin (D:3)
  6 gnolls
  6 adders
  An ooze (D:3)
  3 worms
  2 dart slugs (D:1)
  7 leopard geckos
  25 orcs
  4 giant cockroaches
  14 goblins
  12 hobgoblins
  13 jackals
  A quokka (D:7)
  A ball python (D:3)
  14 bats
  9 frilled lizards
  A jackal zombie (D:6)
  7 kobolds
  10 rats
215 creatures vanquished.

Vanquished Creatures (others)
  2 centaurs
  A hound zombie (D:8)
  An adder (D:8)
4 creatures vanquished.

Grand Total: 219 creatures vanquished

Notes
Turn   | Place    | Note
-------+----------+-------------------------------------------
     0 | D:1      | homeworkjunkie the Hill Orc Fighter began the quest for the Orb.
     0 | D:1      | Reached XP level 1. HP: 19/19 MP: 1/1
   183 | D:1      | Reached XP level 2. HP: 18/27 MP: 2/2
   248 | D:1      | Reached skill level 3 in Axes
   412 | D:3      | Noticed a scorpion
   421 | D:3      | Killed a scorpion
   421 | D:3      | Reached skill level 4 in Axes
   421 | D:3      | Reached XP level 3. HP: 33/33 MP: 3/3
   421 | D:3      | Reached XP level 4. HP: 40/40 MP: 4/4
   533 | D:3      | Found a glowing golden altar of the Shining One.
   619 | D:3      | Found an iron altar of Okawaru.
   628 | D:3      | Became a worshipper of Warmaster Okawaru
   650 | D:3      | Noticed Ijyb
   663 | D:3      | Killed Ijyb
   742 | D:3      | Noticed Terence
   765 | D:3      | Killed Terence
   765 | D:3      | Reached XP level 5. HP: 32/47 MP: 5/5
   875 | D:3      | Noticed Robin
   898 | D:3      | Reached skill level 5 in Axes
   908 | D:3      | Killed Robin
  1005 | D:3      | Noticed Jessica
  1011 | D:3      | Killed Jessica
  1497 | D:2      | Reached XP level 6. HP: 34/53 MP: 6/6
  2842 | D:3      | Reached skill level 1 in Evocations
  3036 | D:4      | Found a shadowy altar of Dithmenos.
  3132 | D:5      | Entered Level 5 of the Dungeon
  3138 | D:5      | Reached skill level 6 in Axes
  3212 | D:5      | Reached * piety under Okawaru
  3212 | D:5      | Reached XP level 7. HP: 60/60 MP: 6/8
  3419 | D:4      | Found a hazy altar of Hepliaklqana.
  3648 | D:4      | Found a burning altar of Makhleb.
  3656 | D:4      | Reached skill level 5 in Shields
  3874 | D:5      | Reached skill level 1 in Dodging
  3916 | D:5      | Reached skill level 5 in Fighting
  4007 | D:7      | Reached skill level 7 in Axes
  4125 | D:6      | Reached XP level 8. HP: 58/68 MP: 9/9
  4275 | D:6      | You fall through a shaft!
  4312 | D:8      | Reached ** piety under Okawaru
  4337 | D:7      | Found a deep blue altar of Sif Muna.
  4506 | D:7      | Reached skill level 8 in Axes
  4542 | D:7      | Reached skill level 5 in Armour
  4631 | D:8      | Found a staircase to the Lair.
  4633 | D:9      | Noticed a yak
  4633 | D:9      | Noticed a yak
  4633 | D:9      | Noticed a yak
  4633 | D:9      | Noticed a yak
  4633 | D:9      | Noticed a yak
  4645 | D:8      | Killed a yak
  4645 | D:8      | Reached skill level 9 in Axes
  4651 | D:8      | Killed a yak
  4651 | D:8      | Reached *** piety under Okawaru
  4651 | D:8      | Reached XP level 9. HP: 12/75 MP: 9/11
  4653 | D:8      | HP: 2/75 [yak (11)]
  4725 | D:8      | Reached skill level 10 in Axes
  5791 | D:6      | Found a staircase to the Ecumenical Temple.
  5791 | D:6      | Noticed Grinder
  5805 | D:6      | Killed Grinder
  5805 | D:6      | Reached **** piety under Okawaru
  6111 | D:8      | Noticed a two-headed ogre
  6125 | D:8      | Killed a two-headed ogre
  6125 | D:8      | Reached ***** piety under Okawaru
  6125 | D:8      | Reached skill level 11 in Axes
  6125 | D:8      | Reached XP level 10. HP: 43/84 MP: 11/13
  7060 | D:8      | Noticed Grum
  7079 | D:8      | Killed Grum
  7279 | D:8      | Noticed Pikel
  7304 | D:8      | Found a burning altar of Makhleb.
  7323 | D:8      | Killed Pikel
  7323 | D:8      | Received a gift from Okawaru
  7323 | D:8      | Reached skill level 12 in Axes
  7397 | D:9      | Found a snail-covered altar of Cheibriados.
  7397 | D:9      | Noticed a two-headed ogre
  7409 | D:9      | Killed a two-headed ogre
  7409 | D:9      | Reached skill level 5 in Evocations
  7580 | D:8      | Received a gift from Okawaru
  7583 | D:8      | Got a smoking scale mail {god gift}
  7594 | D:8      | Identified the +1 scale mail "Yfasoal" {rN++ MR+ Str+4} (Okawaru gifted it to you on level 8 of the Dungeon)
  7616 | D:9      | Noticed a two-headed ogre
  7627 | D:9      | Killed a two-headed ogre
  7627 | D:9      | Reached XP level 11. HP: 66/94 MP: 14/14
  7632 | D:10     | Entered Level 10 of the Dungeon
  7642 | Lair:1   | Entered Level 1 of the Lair of Beasts
  8196 | Lair:1   | Noticed an eight-headed hydra
  8208 | Lair:1   | Slain by an eight-headed hydra

Skill      XL: |  1  2  3  4  5  6  7  8  9 10 11 |
---------------+----------------------------------+-----
Fighting       | 4 5 6 7 8 |  8.1
Axes           | 4 5 6 7 9 11 12 | 12.9
Armour         | 4 5 6 |  6.9
Shields        | 4 5 6 8 9 |  9.8
Evocations     | 1 2 4 5 |  5.5
Dodging        | 1 2 |  2.7
Stealth        | |  0.8

Action                   |  1- 3 |  4- 6 |  7- 9 | 10-12 || total
-------------------------+-------+-------+-------+-------++-------
Melee: War axe           |    42 |   309 |   302 |   144 ||   797
  Use: Scroll            |       |     7 |     6 |     4 ||    17
       Potion            |       |       |     1 |     3 ||     4
  Eat: Bread ration      |       |     1 |     1 |     1 ||     3
       Royal jelly       |       |     2 |     3 |       ||     5
       Meat ration       |       |       |       |     1 ||     1
Armor: Scale mail        |    18 |    26 |       |    27 ||    71
       Ring mail         |       |   109 |    86 |    17 ||   212
Dodge: Dodged            |    15 |    58 |    52 |    58 ||   183
Block: Shield            |    19 |       |       |       ||    19
       Large shield      |       |   321 |   280 |   185 ||   786
       Reflection        |       |       |    11 |     4 ||    15
